 Dungeon Crawl Stone Soup version 0.21-a0-504-g2eda330 (webtiles) character file.

25 Moloch the Skirmisher (level 2, 0/26 HPs)
             Began as a Centaur Fighter on Nov 24, 2017.
             Slain by an orc priest
             ... wielding a +0 club
              (4 damage)
             ... on level 2 of the Dungeon on Nov 25, 2017.
             The game lasted 00:01:53 (1034 turns).

Moloch the Skirmisher (Centaur Fighter)             Turns: 1034, Time: 00:01:54

Health: 0/26       AC:  9    Str: 18    XL:     2   Next: 82%
Magic:  2/2        EV:  4    Int:  7    God:
Gold:   25         SH:  7    Dex:  8    Spells: 1/1 levels left

rFire    . . .     SeeInvis .   a - +0 trident
rCold    . . .     Gourm    .   c - +0 shield
rNeg     . . .     Faith    .   b - +0 scale mail
rPois    .         Spirit   .   m - +2 helmet
rElec    .         Reflect  .   (no cloak)
rCorr    .         Harm     .   (no gloves)
MR       .....                  (no barding)
Stlth    ..........             (no amulet)
HPRegen  0.08/turn              (no ring)
MPRegen  0.08/turn              (no ring)

@: heavily drained, very quick
A: large, hooves 3, deformed body, speed 2, tough skin 3
a: no special abilities


You were on level 2 of the Dungeon.
You were not hungry.

You visited 1 branch of the dungeon, and saw 2 of its levels.

You collected 25 gold pieces.

Inventory:

Hand Weapons
 a - a +0 trident (weapon)
Armour
 b - a +0 scale mail (worn)
 c - a +0 shield (worn)
 m - a +2 helmet (worn)
Wands
 p - a wand of enslavement (10)
Scrolls
 j - 2 scrolls of amnesia {unknown}
 k - a scroll of blinking {unknown}
 l - a scroll of magic mapping {unknown}
 n - 2 scrolls of identify {unknown}
 o - a scroll of immolation {unknown}
Potions
 d - a potion of might
 e - a potion of haste
 h - a potion of flight {unknown}
Comestibles
 f - 2 bread rations


   Skills:
 + Level 3.3(2.0) Fighting
 + Level 2.7(1.4) Polearms
 - Level 2.1(0.8) Armour
 - Level 2.1(0.8) Shields


You had one spell level left.
You didn't know any spells.

Dungeon Overview and Level Annotations

Branches:
Dungeon (2/15)

Altars:


Innate Abilities, Weirdness & Mutations

You have hooves in place of feet.
Armour fits poorly on your strangely shaped body.
You cover ground very quickly.
You have extremely tough skin. (AC +3)


Message History

You barely miss the orc priest.
The orc priest is severely wounded.
The jackal bites you but does no damage.
The orc priest hits you but does no damage.
The jackal completely misses you.
You closely miss the orc priest. Your kick misses the orc priest.
The orc priest is severely wounded.
The jackal bites you but does no damage.
You block the orc priest's attack.
You hit the orc priest but do no damage.
The orc priest is severely wounded.
The jackal barely misses you. The orc priest barely misses you.
You block the jackal's attack.
You closely miss the orc priest. Your kick misses the orc priest.
The orc priest is severely wounded.
The jackal bites you but does no damage.
The orc priest hits you but does no damage.
The jackal bites you but does no damage.
The orc priest hits you with a club.
You die...

#....o..#..$##
#.......#...# ##.
#.......#..## ..
#.......#..#. ..
#.......#.... ##. #.#.. ..
. #...## .# ..###$
##....##.#
...#######.....o@.#.##.
.#..............†h......
.......#........###........
.......###...#### .......
.......###..## .......
......###...# #......#
............# #......# ###
h...h.####.## ##.....# #..
####### #.########....# #.#


You could see an orc priest and a jackal.

Vanquished Creatures
  A dart slug (D:1)
  A leopard gecko (D:1)
  2 giant cockroaches
  3 goblins
  A hobgoblin (D:1)
  2 jackals
  A quokka (D:2)
  2 ball pythons (D:1)
  A bat (D:1)
  4 frilled lizards
  3 kobolds (D:1)
21 creatures vanquished.

Notes
Turn   | Place    | Note
-------+----------+-------------------------------------------
     0 | D:1      | Moloch the Centaur Fighter began the quest for the Orb.
     0 | D:1      | Reached XP level 1. HP: 19/19 MP: 1/1
   180 | D:1      | Reached XP level 2. HP: 26/26 MP: 2/2
   745 | D:2      | Upgraded the game from 0.21-a0-498-g1b60429 to 0.21-a0-504-g2eda330
  1034 | D:2      | Slain by an orc priest

Vault maps used:
D:1:      co_arrival_random_square_maze, minmay_pentomino_v4
D:2:      cheibrodos_pilgrimage, st_stairs_5, columned_hall_lemuel

Skill      XL: |  1 |
---------------+----+-----
Polearms       | 2 |  2.7
Fighting       | |  3.3
Armour         | |  2.1
Shields        | |  2.1

Action                   || total
-------------------------++-------
Melee: Trident           ||    80
       Kick              ||    11
  Use: Potion            ||     2
Armor: Scale mail        ||    62
Dodge: Dodged            ||    18
Block: Shield            ||    35

Table legend:
 A = Spawn XP
 B = Non-spawn XP
 C = Spawn XP percentage of total XP
 D = Spawn monster count
 E = Non-spawn monster count
 F = Spawn count percentage of total count
 G = Total turns spent on level
                    A         B        C        D         E        F      G
               +---------+---------+-------+---------+---------+-------+---------
         Total |       0 |      36 |   0.0 |       0 |      21 |   0.0 |  1034
               +---------+---------+-------+---------+---------+-------+---------
           D:1 |       0 |      26 |   0.0 |       0 |      15 |   0.0 |   849
           D:2 |       0 |      10 |   0.0 |       0 |       6 |   0.0 |   185
               +---------+---------+-------+---------+---------+-------+---------
